 Dungeon Crawl Stone Soup version 0.18.1-50-g88ac8fd (webtiles) character file.

3308 Krapule the Martial Artist (level 10, -6/53 HPs)
             Began as a Vine Stalker Monk on Oct 24, 2016.
             Was an Elder of Cheibriados.
             Shot with an arrow by a centaur (7 damage)
             ... on level 8 of the Dungeon.
             The game lasted 00:21:39 (5285 turns).

Krapule the Martial Artist (Vine Stalker Monk)      Turns: 5285, Time: 00:21:40

Health: -6/53      AC: 13    Str: 25    XL:     10   Next: 1%
Magic:  0/14       EV: 15    Int: 20    God:    Cheibriados [****..]
Gold:   74         SH:  0    Dex: 29    Spells: 0 memorised, 9 levels left

rFire  . . .     SeeInvis .       - Unarmed
rCold  . . .     Gourm    .     B - +4 scale mail
rNeg   . . .     Faith    .     (no shield)
rPois  +         Spirit   +     p - +0 helmet
rElec  .         Dismiss  .     t - +0 cloak
rCorr  .         Reflect  .     (no gloves)
SustAt .         Harm     .     (no boots)
MR     +....                    (no amulet)
Stlth  ++++......               C - ring of poison resistance
                                D - ring of stealth

@: very slow, somewhat resistant to hostile enchantments, stealthy
A: fangs 3, regeneration 2, magic shield, antimagic bite, no device heal 3, rot
immunity
a: Bend Time, Temporal Distortion, Slouch, Renounce Religion


You were on level 8 of the Dungeon.
You worshipped Cheibriados.
Cheibriados was greatly pleased with you.
You were not hungry.

You visited 1 branch of the dungeon, and saw 8 of its levels.

You collected 464 gold pieces.
You spent 390 gold pieces at shops.

Inventory:

Missiles
 F - a throwing net (quivered)
Armour
 p - a +0 helmet (worn)
 t - a +0 cloak (worn)
 B - a +4 scale mail (worn)
Magical Staves
 E - an uncursed staff of earth {unknown}
Jewellery
 q - a +6 ring of intelligence
 s - an uncursed ring of see invisible
 C - a ring of poison resistance (right hand)
 D - a ring of stealth (left hand)
 I - an uncursed amulet of the gourmand {unknown}
Wands
 k - a wand of paralysis (16/24)
 r - a wand of acid (3/15)
 H - a wand of digging (5/24)
Scrolls
 a - 5 scrolls of identify
 c - a scroll of enchant armour
 f - 2 scrolls of remove curse
 g - 3 scrolls of teleportation
 l - 4 scrolls of fog
 y - 3 scrolls of magic mapping
Potions
 e - 2 potions of flight
 h - 4 potions of curing
 j - 2 potions of agility
 m - a potion of lignification {unknown}
 o - 2 potions of brilliance
 w - a potion of resistance {unknown}
 x - 3 potions of cancellation
 z - 4 potions of might {unknown}
 A - a potion of mutation {unknown}
Comestibles
 b - 6 bread rations
 d - 2 slices of pizza
 i - 3 fruits
 n - 2 royal jellies
 u - a beef jerky
 v - 4 meat rations
 G - 3 chunks of flesh


   Skills:
 + Level 5.7 Fighting
 - Level 3.0 Armour
 + Level 5.1 Dodging
 + Level 7.5 Stealth
 * Level 9.0 Unarmed Combat
 + Level 4.4 Invocations


You had 9 spell levels left.
You didn't know any spells.

Dungeon Overview and Level Annotations

Branches:
Dungeon (8/15)             Temple (0/1) D:5
   Lair: D:8-11

Altars:
Cheibriados
Dithmenos
Elyvilon
Gozag
Makhleb
Okawaru
Pakellas
Qazlal
Ru
Sif Muna
Trog
Vehumet
Xom
Zin

Shops:
D:7 =


Innate Abilities, Weirdness & Mutations

You have razor-sharp teeth.
You heal very quickly.
When hurt, damage is shared between your health and your magic reserves.
Your bite disrupts and absorbs the magic of your enemies.
Potions and wands cannot restore your health.
You are immune to rotting.


Message History

The orc priest mumbles some strange prayers to Beogh against you.
Beogh smites you! The orc closely misses you.
You hit the orc. You bite the orc. You drain its power.
You feel invigorated.
You kill the orc!
Cheibriados thoroughly appreciates the change of pace.
The centaur shoots an arrow.
The arrow hits you but does no damage.
The centaur shoots an arrow.
The arrow hits you.
* * * LOW HITPOINT WARNING * * *
An adder comes into view.
The centaur shoots an arrow.
The arrow hits you.
* * * LOW HITPOINT WARNING * * *
The orc priest calls down the wrath of Beogh upon you.
Pain shoots through your body!
* * * LOW HITPOINT WARNING * * *
The centaur shoots an arrow.
The arrow hits you but does no damage.
You see here 2 arrows.
The centaur shoots an arrow.
The arrow hits you!
* * * LOW HITPOINT WARNING * * *
The centaur shoots an arrow.
The arrow hits you!
You die...

....................
###.................#
#..........>........###
#....<.(..............#
#............Sc.......
#.......####.......#
#######†####..o....#
#.#....)))...#
#....>@((†..!#
###.......####
#########


You could see a centaur, an orc priest and an adder (wandering).

Vanquished Creatures
  The ghost of RudyRod the Firebug, a novice DsFE of Vehumet (D:8)
  A two-headed ogre (D:8)
  A wyvern (D:8)
  Edmund (D:4)
  A water moccasin (D:4)
  2 phantoms
  An ice beast (D:6)
  4 ogres
  A centaur (D:6)
  Blork the orc (D:5)
  A giant frog (D:8)
  8 killer bees (D:7)
  5 wights (D:6)
  2 howler monkeys (D:5)
  2 crimson imps
  A giant frog zombie (D:5)
  3 orc wizards
  8 orc priests
  A centaur skeleton (D:4)
  A gnoll shaman (D:7)
  2 iguanas
  4 worker ants
  Robin (D:2)
  6 gnolls
  7 adders
  A shadow imp (D:7)
  2 oozes
  An adder skeleton (D:4)
  An adder zombie (D:6)
  2 dart slugs
  8 giant geckos
  19 orcs
  4 bats
  7 giant cockroaches
  15 goblins
  10 hobgoblins
  6 jackals
  18 kobolds
  2 quokkas
  A ball python (D:1)
  5 giant newts
  2 quokka skeletons
  A quokka zombie (D:5)
  5 rats
176 creatures vanquished.

Vanquished Creatures (others)
  A quokka (D:7)
1 creature vanquished.

Grand Total: 177 creatures vanquished

Notes
Turn   | Place    | Note
--------------------------------------------------------------
     0 | D:1      | Krapule the Vine Stalker Monk began the quest for the Orb.
     0 | D:1      | Reached XP level 1. HP: 11/11 MP: 2/2
   117 | D:1      | Reached XP level 2. HP: 15/16 MP: 1/3
   483 | D:1      | Reached skill level 1 in Armour
   483 | D:1      | Reached XP level 3. HP: 19/19 MP: 4/4
  1133 | D:2      | Reached XP level 4. HP: 24/24 MP: 3/5
  1390 | D:2      | Found a sacrificial altar of Ru.
  1397 | D:2      | Noticed Robin
  1401 | D:2      | Killed Robin
  1976 | D:3      | Reached skill level 5 in Unarmed Combat
  1976 | D:3      | Reached XP level 5. HP: 13/28 MP: 2/6
  2337 | D:3      | Gained mutation: You heal very quickly. [Vine Stalker growth]
  2337 | D:3      | Reached XP level 6. HP: 17/32 MP: 3/7
  2585 | D:4      | Noticed Edmund
  2593 | D:4      | Killed Edmund
  2769 | D:4      | Reached XP level 7. HP: 30/37 MP: 8/8
  3070 | D:4      | Found a radiant altar of Vehumet.
  3073 | D:4      | Found a shimmering altar of Xom.
  3075 | D:4      | Found a burning altar of Makhleb.
  3076 | D:4      | Found a glowing silver altar of Zin.
  3076 | D:4      | Found a snail-covered altar of Cheibriados.
  3076 | D:4      | Found a deep blue altar of Sif Muna.
  3078 | D:4      | Found a stormy altar of Qazlal.
  3078 | D:4      | Found an oddly glowing altar of Pakellas.
  3079 | D:4      | Found a bloodstained altar of Trog.
  3080 | D:4      | Found an opulent altar of Gozag.
  3082 | D:4      | Found a shadowy altar of Dithmenos.
  3085 | D:4      | Became a worshipper of Cheibriados the Contemplative
  3085 | D:4      | Reached * piety under Cheibriados
  3085 | D:4      | Reached ** piety under Cheibriados
  3243 | D:4      | Reached skill level 6 in Unarmed Combat
  3373 | D:5      | Entered Level 5 of the Dungeon
  3393 | D:5      | Noticed Blork the orc
  3402 | D:5      | Killed Blork the orc
  3402 | D:5      | Reached skill level 1 in Invocations
  3430 | D:5      | Reached skill level 5 in Stealth
  3497 | D:5      | Gained mutation: You have razor-sharp teeth. [Vine Stalker growth]
  3497 | D:5      | Reached XP level 8. HP: 41/42 MP: 10/10
  3697 | D:5      | Found a staircase to the Ecumenical Temple.
  3888 | D:6      | Reached *** piety under Cheibriados
  4069 | D:6      | Reached skill level 7 in Unarmed Combat
  4282 | D:6      | Reached XP level 9. HP: 46/46 MP: 12/12
  4611 | D:7      | Found an iron altar of Okawaru.
  4636 | D:7      | Found a white marble altar of Elyvilon.
  4665 | D:7      | Reached skill level 5 in Fighting
  4679 | D:7      | Reached **** piety under Cheibriados
  4737 | D:7      | Found Yficykiu's Jewellery Emporium.
  4745 | D:7      | Bought an uncursed ring of see invisible for 180 gold pieces
  4745 | D:7      | Bought an uncursed ring of stealth for 210 gold pieces
  4771 | D:7      | Reached skill level 8 in Unarmed Combat
  5184 | D:8      | Noticed a two-headed ogre
  5216 | D:8      | Noticed RudyRod's ghost (novice DsFE)
  5242 | D:8      | Killed RudyRod's ghost
  5262 | D:8      | Killed a two-headed ogre
  5262 | D:8      | Reached skill level 5 in Dodging
  5281 | D:8      | Reached skill level 9 in Unarmed Combat
  5281 | D:8      | Reached XP level 10. HP: 26/53 MP: 8/14
  5285 | D:8      | HP: 1/53 [centaur/arrow (4)]
  5285 | D:8      | Shot with an arrow by a centaur

Skill      XL: |  1  2  3  4  5  6  7  8  9 |
---------------+----------------------------+-----
Armour         | 1 2 3 |  3.0
Stealth        | 3 4 5 6 7 |  7.5
Fighting       | 3 4 5 |  5.7
Unarmed Combat | 5 6 7 9 |  9.0
Dodging        | 3 4 5 |  5.1
Invocations    | 1 3 4 |  4.4

Action                   |  1- 3 |  4- 6 |  7- 9 | 10-12 || total
-------------------------+-------+-------+-------+-------++-------
Melee: Unarmed           |   111 |   192 |   270 |     2 ||   575
       Bite              |    28 |    57 |   125 |     1 ||   211
       Punch             |     3 |     5 |    17 |     1 ||    26
Evoke: Wand              |       |     2 |     1 |       ||     3
  Use: Scroll            |       |       |    18 |       ||    18
 Stab: Sleeping          |    11 |     5 |     4 |       ||    20
  Eat: Chunk             |     1 |     5 |     5 |       ||    11
Armor: Robe              |     3 |       |       |       ||     3
       Leather armour    |    22 |    10 |       |       ||    32
       Ring mail         |       |    25 |     7 |       ||    32
       Scale mail        |       |       |    88 |     2 ||    90
Dodge: Dodged            |    59 |    80 |   164 |     4 ||   307
